 Dungeon Crawl Stone Soup version 0.26.0-10-g1f06aea511 (webtiles) character file.

Game seed: 15826905593132209295

25 Borgoz the Slasher (level 3, -7/30 HPs)
             Began as a Ghoul Gladiator on Jan 13, 2021.
             Mangled by an orc
             ... wielding a +0 trident
              (8 damage)
             ... on level 3 of the Dungeon.
             The game lasted 00:01:08 (651 turns).

Borgoz the Slasher (Ghoul Gladiator)                 Turns: 651, Time: 00:01:09

Health: -7/30      AC:  5    Str: 17    XL:     3   Next: 4%
Magic:  2/2        EV: 12    Int:  3    God:
Gold:   87         SH:  0    Dex: 11    Spells: 2/2 levels left

rFire    . . .     SeeInvis .   a - +0 long sword
rCold    + + .     Faith    .   (no shield)
rNeg     + + +     Spirit   .   b - +0 leather armour
rPois    ∞         Reflect  .   c - +1 helmet
rElec    .         Harm     .   (no cloak)
rCorr    .         Rampage  .   (no gloves)
Will     .....                  (no boots)
Stlth    +.........             (no amulet)
HPRegen  0.00/turn              l - ring of protection from cold
MPRegen  0.08/turn              (no ring)

@: brilliant, attractive
A: claws 1, cold resistance 1, negative energy resistance 3, inhibited
regeneration, torment resistance, unbreathing
a: no special abilities


You were on level 3 of the Dungeon.
You visited 1 branch of the dungeon, and saw 3 of its levels.

You collected 87 gold pieces.

Inventory:

Hand Weapons
 a - a +0 long sword (weapon)
 m - a +0 dagger of draining
Missiles
 d - 2 throwing nets (quivered)
Armour
 b - a +0 leather armour (worn)
 c - a +1 helmet (worn)
Jewellery
 l - a ring of protection from cold (left claw)
Wands
 n - a wand of paralysis (7)
 o - a wand of polymorph (10)
Scrolls
 h - a scroll of remove curse {unknown}
 i - 2 scrolls of identify {unknown}
 j - a scroll of blinking {unknown}
 k - 3 scrolls of teleportation {unknown}
Potions
 f - a potion of attraction


   Skills:
 + Level 2.4 Fighting
 * Level 3.0 Long Blades
 - Level 1.7 Throwing
 * Level 1.1 Armour
 * Level 3.0 Dodging


You had 2 spell levels left.
You didn't know any spells.
Your spell library was empty.

Dungeon Overview and Level Annotations

Branches:
Dungeon (2/15)

Altars:


Innate Abilities, Weirdness & Mutations

You thrive by killing the living.
You are immune to poison.
You have sharp fingernails.
Your flesh is cold resistant. (rC+)
You are immune to negative energy. (rN+++)
You do not regenerate when monsters are visible.
You are immune to unholy pain and torment.
You can survive without breathing.


Message History

You have reached level 3!
Your experience leads to an increase in your attributes!
Increase (S)trength, (I)ntelligence, or (D)exterity?
You feel agile. The rat is pulled toward you!
You barely miss the orc. The orc hits you with a +0 whip.
* * * LOW HITPOINT WARNING * * *
You hit the orc.
The orc is heavily wounded.
The orc hits you with a +0 whip.
* * * LOW HITPOINT WARNING * * *
The orc hits you but does no damage.
You barely miss the orc.
The orc is heavily wounded.
The orc hits you with a +0 whip.
* * * LOW HITPOINT WARNING * * *
It was a potion of brilliance.
You feel clever all of a sudden. The orc hits you with a +0 trident!
You die...

..........##
#..#$......#
#..........#
#....$..#
#.....#
##go..# ##g#.#
#o#.# ####
#@#.###..###
#.o........#
#.##.#####...#
#>####.##.#
#.#
...........#
.#
##########.#
#.# #.. ####


You could see 3 orcs, a hobgoblin and a goblin.

Vanquished Creatures
  An adder (D:3)
  An orc (D:3)
  2 bats (D:1)
  A giant cockroach (D:1)
  2 goblins (D:1)
  3 hobgoblins (D:1)
  A frilled lizard (D:1)
  A kobold (D:1)
  2 rats
14 creatures vanquished.

Notes
Turn   | Place    | Note
-------+----------+-------------------------------------------
     0 | D:1      | Borgoz the Ghoul Gladiator began the quest for the Orb.
     0 | D:1      | Reached XP level 1. HP: 17/17 MP: 0/0
   198 | D:1      | Reached XP level 2. HP: 24/24 MP: 1/1
   603 | D:2      | You fall into a shaft and drop 1 floor!
   638 | D:3      | Reached skill level 1 in Armour
   647 | D:3      | Reached XP level 3. HP: 7/30 MP: 2/2
   650 | D:3      | HP: 1/30 [orc/+0 whip (3)]
   651 | D:3      | Mangled by an orc

Illustrated notes

Levels and vault maps discovered:
D:1:      lemuel_arrival_cross, layout_rooms
D:2:      layout_loops_cross
D:3:      layout_loops_ring, minmay_overflow_temple_star_quad,
          nzn_overflow_gifts_of_might_and_magic, lightli_corner_chamber,
          uniq_ijyb

Skill      XL: |  1  2 |
---------------+-------+-----
Long Blades    | 3 |  3.0
Armour         | 1 |  1.1
Dodging        | 3 |  3.0
Fighting       | |  2.4
Throwing       | |  1.7

Action                   || total
-------------------------++-------
Melee: Long sword        ||    48
Throw: Throwing net      ||     1
  Use: Potion            ||     4
       Scroll            ||     1
 Stab: Held in net/web   ||     1
Armor: Leather armour    ||    25
Dodge: Dodged            ||    48
       Rpst.: Long sword ||    10
